 Dungeon Crawl Stone Soup version 0.30-a0-715-gdb4ae3ece1 (webtiles) character file.

Game seed: 12770689607282155894

152 wormed the Blocker (level 5, 0/37 HPs)
             Began as a Gnoll Wanderer on Jan 24, 2023.
             Slain by a jelly (2 damage)
             ... on level 3 of the Dungeon.
             The game lasted 00:03:11 (2858 turns).

wormed the Blocker (Gnoll Wanderer)                 Turns: 2858, Time: 00:03:12

Health: 0/37       AC: -3    Str: 16    XL:     5   Next: 34%
Magic:  12/12      EV: 12    Int: 10    God:
Gold:   216        SH:  7    Dex: 14    Spells: 10/14 levels left

rFire   + . .      SeeInvis .    o - staff of fire
rCold   . . .      Faith    .    e - +0 buckler {AC+3}
rNeg    . . .      Spirit   .    f - +1 leather armour of Space {Str+4}
rPois   .          Reflect  .    (no helmet)
rElec   .          Harm     .    b - +0 cloak
rCorr   .          Rampage  .    (no gloves)
Will    +....                    (no boots)
Stlth   ++                       (no amulet)
HPRegen 0.26/turn                d - +4 ring of protection
MPRegen 0.13/turn                q - ring of willpower

@: corroded
A: fangs 1, strong nose, distributed training
a: no special abilities


You were on level 3 of the Dungeon.
You visited 1 branch of the dungeon, and saw 3 of its levels.

You collected 216 gold pieces.

Inventory:

Missiles
 m - 2 silver javelins
Armour
 b - a +0 cloak (worn)
 e - a +0 buckler of protection (worn)
 f - the +1 leather armour of Space (worn) {Str+4}
   (You found it on level 2 of the Dungeon)

   Str:       It affects your strength (+4).
Magical Staves
 o - a staff of fire (weapon)
Jewellery
 d - a +4 ring of protection (left hand)
 i - a ring of resist corrosion
 q - a ring of willpower (right hand)
Scrolls
 a - a scroll of teleportation {unknown}
 c - 2 scrolls of vulnerability
 h - a scroll of enchant weapon
 n - a scroll of identify
 t - a scroll of fog
Potions
 g - a potion of curing {unknown}
 j - 2 potions of degeneration {unknown}
 k - a potion of attraction
 l - a potion of invisibility {unknown}
 r - a potion of haste {unknown}


   Skills:
 + Level 1.5 Fighting
 + Level 1.5 Short Blades
 + Level 1.5 Long Blades
 + Level 1.5 Axes
 + Level 1.5 Maces & Flails
 + Level 1.5 Polearms
 + Level 1.5 Staves
 + Level 1.5 Ranged Weapons
 + Level 1.5 Throwing
 + Level 3.0 Armour
 + Level 3.0 Dodging
 + Level 1.5 Stealth
 + Level 10.5 Shields
 + Level 1.5 Unarmed Combat
 + Level 5.2 Spellcasting
 + Level 1.2 Conjurations
 + Level 1.2 Hexes
 + Level 1.2 Summonings
 + Level 1.2 Necromancy
 + Level 1.2 Translocations
 + Level 1.2 Transmutations
 + Level 1.2 Fire Magic
 + Level 1.2 Ice Magic
 + Level 1.2 Air Magic
 + Level 1.2 Earth Magic
 + Level 2.4 Poison Magic
 + Level 1.7 Invocations
 + Level 1.5 Evocations


You had 10 spell levels left.
You knew the following spells:

 Your Spells              Type           Power      Damage    Failure   Level
a - Sting                 Tmut/Pois      24%        1d4       16%         1
b - Mephitic Cloud        Conj/Pois/Air  5%         N/A       45%         3

Your spell library contained the following spells:

 Spells                   Type           Power      Damage    Failure   Level


Dungeon Overview and Level Annotations

Branches:
Dungeon (3/15)

Altars:
Gozag
The Shining One


Innate Abilities, Weirdness & Mutations

You have very sharp teeth.
Your uncanny sense of smell can sniff out nearby items.
Your experience applies equally to all skills.


Message History

You are too injured to fight recklessly!
You are too injured to fight recklessly!
You are too injured to fight recklessly!
You are too injured to fight recklessly!
You are too injured to fight recklessly!
A jelly is nearby!
A jelly is nearby!
You hit the jelly but do no damage.
Your hands burn!
* * * LOW HITPOINT WARNING * * *
The jelly is severely wounded.
You block the jelly's attack.
You feel much better. The jelly hits you but does no damage.
You hit the jelly but do no damage.
Your hands burn!
The jelly is severely wounded.
The jelly hits you but does no damage. The jelly closely misses you.
You hit the jelly but do no damage. The acid corrodes you!
Your hands burn!
The jelly is severely wounded.
You block the jelly's attack.
You hit the jelly but do no damage.
Your hands burn!
The jelly is severely wounded.
The jelly misses you.
You hit the jelly but do no damage. The acid corrodes you!
Your hands burn!
The jelly is severely wounded.
The jelly barely misses you.
You hit the jelly but do no damage.
Your hands burn!
Your bite misses the jelly.
The jelly is severely wounded.
You block the jelly's attack.
You hit the jelly.
Your hands burn!
The jelly is almost dead.
The jelly closely misses you. You block the jelly's attack.
You hit the jelly but do no damage.
Your hands burn!
The jelly is almost dead.
The jelly hits you.
You are splashed with acid!
* * * LOW HITPOINT WARNING * * *
You hit the jelly. The acid corrodes you!
Your hands burn!
* * * LOW HITPOINT WARNING * * *
The jelly is almost dead.
The jelly hits you.
You die...

.....# #....# .
#....# . #
###....# . #'
#......# ..#
#......# ..
#...##### ..
#.##...##..# ..#
#.J@.....#.# ...
.............#.#
###
....####...###.#
# ... ##### #.#
. ####.####
#.......#
##.###.##
#.##...###
#.###.##.#


You could see a jelly.

Vanquished Creatures
  An orc wizard (D:3)
  Terence (D:3)
  3 adders
  A worm (D:3)
  10 orcs (D:3)
  4 endoplasms
  3 giant cockroaches
  11 goblins
  4 hobgoblins
  2 jackals (D:1)
  2 quokkas
  5 ball pythons
  8 bats
  3 frilled lizards
  2 kobolds
  4 rats
64 creatures vanquished.

Notes
Turn   | Place    | Note
-------+----------+-------------------------------------------
     0 | D:1      | Reached skill level 10 in Shields
     0 | D:1      | wormed the Gnoll Wanderer began the quest for the Orb.
     0 | D:1      | wormed set off with the following items: a +0 dagger, a +0
                  | cloak, a scroll of vulnerability, a +0 leather armour, a +0
                  | buckler of protection; and the following spell memorised:
                  | Sting; and the following spells available to memorise:
                  | Mephitic Cloud.
     0 | D:1      | Reached XP level 1. HP: 13/13 MP: 6/6
   234 | D:1      | Reached XP level 2. HP: 17/19 MP: 7/7
   632 | D:1      | Reached skill level 5 in Spellcasting
   632 | D:1      | Reached XP level 3. HP: 25/25 MP: 7/9
  1174 | D:1      | Learned a level 3 spell: Mephitic Cloud
  1181 | D:2      | Identified the +1 leather armour of Space {Str+4}
  1221 | D:2      | Reached skill level 1 in Invocations
  1380 | D:2      | Found a glowing golden altar of the Shining One.
  1470 | D:2      | Identified the +1 rapier of Chance {heavy, *Rage rC++
                  | Will+++ Str+2}
  1697 | D:2      | Reached skill level 1 in Fighting
  1697 | D:2      | Reached skill level 1 in Short Blades
  1697 | D:2      | Reached skill level 1 in Long Blades
  1697 | D:2      | Reached skill level 1 in Axes
  1697 | D:2      | Reached skill level 1 in Maces & Flails
  1697 | D:2      | Reached skill level 1 in Polearms
  1697 | D:2      | Reached skill level 1 in Staves
  1697 | D:2      | Reached skill level 1 in Ranged Weapons
  1697 | D:2      | Reached skill level 1 in Throwing
  1697 | D:2      | Reached skill level 1 in Stealth
  1697 | D:2      | Reached skill level 1 in Unarmed Combat
  1697 | D:2      | Reached skill level 1 in Evocations
  1988 | D:2      | Reached XP level 4. HP: 26/32 MP: 11/11
  2179 | D:3      | Found an opulent altar of Gozag.
  2318 | D:3      | Reached skill level 1 in Conjurations
  2318 | D:3      | Reached skill level 1 in Hexes
  2318 | D:3      | Reached skill level 1 in Summonings
  2318 | D:3      | Reached skill level 1 in Necromancy
  2318 | D:3      | Reached skill level 1 in Translocations
  2318 | D:3      | Reached skill level 1 in Transmutations
  2318 | D:3      | Reached skill level 1 in Fire Magic
  2318 | D:3      | Reached skill level 1 in Ice Magic
  2318 | D:3      | Reached skill level 1 in Air Magic
  2318 | D:3      | Reached skill level 1 in Earth Magic
  2354 | D:3      | Noticed Terence
  2408 | D:3      | Killed Terence
  2532 | D:3      | Reached XP level 5. HP: 37/37 MP: 12/12
  2858 | D:3      | Slain by a jelly

Illustrated notes

Levels and vault maps discovered:
D:1:      ncdulo_watergridlock, layout_basic
D:2:      layout_basic, basic_altar, grunt_ministairs_11,
          minmay_goblin_kobold_house
D:3:      minmay_door_path, layout_basic, grunt_gozag_breadcrumbs,
          grunt_decor_fettered, uniq_terence, uniq_crazy_yiuf_cottage

Skill      XL: |  1  2  3  4  5 |
---------------+----------------+-----
Shields        | | 10.5
Poison Magic   | 2 |  2.4
Spellcasting   | 5 |  5.2
Invocations    | 1 |  1.7
Fighting       | 1 |  1.5
Short Blades   | 1 |  1.5
Long Blades    | 1 |  1.5
Axes           | 1 |  1.5
Maces & Flails | 1 |  1.5
Polearms       | 1 |  1.5
Staves         | 1 |  1.5
Ranged Weapons | 1 |  1.5
Throwing       | 1 |  1.5
Stealth        | 1 |  1.5
Unarmed Combat | 1 |  1.5
Evocations     | 1 |  1.5
Conjurations   | 1 |  1.2
Hexes          | 1 |  1.2
Summonings     | 1 |  1.2
Necromancy     | 1 |  1.2
Translocations | 1 |  1.2
Transmutations | 1 |  1.2
Fire Magic     | 1 |  1.2
Ice Magic      | 1 |  1.2
Air Magic      | 1 |  1.2
Earth Magic    | 1 |  1.2
Armour         | 3 |  3.0
Dodging        | 3 |  3.0

Action                     |  1- 3 |  4- 6 || total
---------------------------+-------+-------++-------
  Melee: Dagger            |   154 |       ||   154
         Bite              |    16 |    17 ||    33
         Staff             |    71 |   199 ||   270
    Use: Scroll            |     6 |     3 ||     9
         Potion            |       |     2 ||     2
   Stab: Sleeping          |     2 |     1 ||     3
 Armour: Leather armour    |    85 |    68 ||   153
  Dodge: Dodged            |   124 |    81 ||   205
  Block: Buckler           |    83 |    67 ||   150

Table legend: (Time is in decaauts)
 A = Elapsed time spent in this place.
 B = Non-inter-level travel time spent in this place.
 C = Inter-level travel time spent in this place.
 D = Time resting spent in this place.
 E = Time spent auto-exploring this place.
 F = Levels seen in this place.
 G = Mean time per level.
                   A        B        C        D        E       F      G
               +--------+--------+--------+--------+--------+-----+--------+
         Total |   2904 |   2844 |     60 |    300 |   1780 |   3 |  968.0 |
       Dungeon |   2904 |   2844 |     60 |    300 |   1780 |   3 |  968.0 |
               +--------+--------+--------+--------+--------+-----+--------+

Top non-repeatable levels by time:
     D:1: 1177 daAuts
     D:2: 998 daAuts
     D:3: 729 daAuts
